[Event "Titled Tuesday Blitz December 13 Late 2022"]
[White "Chigaev, Maksim"]
[Black "Firouzja, Alireza"]
[WhiteFideId "4108116"]
[BlackFideId "12573981"]
[WhiteElo "2542"]
[BlackElo "2904"]
[Result "1/2-1/2"]
[Round "09"]
[TimeControl "180+1"]
[Date "2022.12.13"]
[WhiteClock "0:00:05"]
[BlackClock "0:00:06"]

1. e4 e6 2. d4 d5 3. Nc3 Bb4 4. e5 c5 5. a3 Bxc3+ 6. bxc3 Ne7 7. Qg4 O-O 8. Bd3 Nbc6 9. Nf3 f6 10. exf6 Rxf6 11. Bg5 e5 12. Qh4 e4 13. Bxf6 gxf6 14. Qxf6 Ng6 15. Qxd8+ Nxd8 16. dxc5 exf3 17. gxf3 Ne6 18. Kd2 Nxc5 19. Rhg1 Kf7 20. Rg5 Be6 21. Rag1 Nxd3 22. cxd3 Kf6 23. Rh5 Rh8 24. a4 h6 25. Ke3 Bf5 26. f4 b6 27. a5 bxa5 28. Ra1 Re8+ 29. Kd4 Nxf4 30. Rxh6+ Kg5 31. Ra6 Bxd3 32. Rxa7 Re4+ 33. Kc5 Rc4+ 34. Kd6 Rxc3 35. R7xa5 Be4 36. Rg1+ Kf5 37. Ra8 Ne6 38. Rh8 d4 39. f3 Rc6+ 40. Kd7 Bd5 41. Rh5+ Kf4 42. Rxd5 Ra6 43. Rg4+ Kxf3 44. Rgxd4 Nxd4 45. Rxd4 Rh6 46. Rd6 Rxd6+ 47. Kxd6 Kg4 48. Ke5 Kh3 49. Kf4 Kxh2 1/2-1/2


[Site "https://www.chess.com"]

[Event "Titled Tuesday Blitz December 13 Late 2022"]
[White "Clawitter, Craig"]
[Black "Campelo, Leandro Fabricio"]
[WhiteFideId "2023105"]
[BlackFideId "2103346"]
[WhiteElo "2198"]
[BlackElo "2070"]
[Result "1-0"]
[Round "09"]
[TimeControl "180+1"]
[Date "2022.12.14"]
[WhiteClock "0:00:07"]
[BlackClock "0:00:06"]

1. e4 c5 2. Nf3 e6 3. d4 cxd4 4. Nxd4 Nc6 5. Nc3 Qc7 6. Be3 a6 7. Qd2 Nf6 8. O-O-O Be7 9. f3 O-O 10. g4 b5 11. g5 Nh5 12. Nxc6 dxc6 13. Bh3 e5 14. Bg4 Nf4 15. h4 b4 16. Ne2 Nxe2+ 17. Qxe2 Bxg4 18. fxg4 c5 19. Qc4 Rad8 20. h5 Qc6 21. Rd5 Rxd5 22. exd5 Qb5 23. Qe4 Bd6 24. g6 fxg6 25. hxg6 h6 26. g5 Rf1+ 27. Rxf1 Qxf1+ 28. Kd2 c4 29. gxh6 gxh6 30. Qg4 c3+ 31. bxc3 bxc3+ 32. Kxc3 Qa1+ 33. Kd2 Bb4+ 34. Qxb4 Qxa2 35. Qb8+ Kg7 36. Qxe5+ Kxg6 37. Qe6+ Kh5 38. Qf5+ Kh4 39. Bf2# 1-0


[Site "https://www.chess.com"]

[Event "Titled Tuesday Blitz December 13 Late 2022"]
[White "D`Arruda, Ricardo D."]
[Black "Gerbelli Neto, Eduardo"]
[WhiteFideId "100692"]
[BlackFideId "2103281"]
[WhiteElo "2401"]
[BlackElo "2178"]
[Result "1-0"]
[Round "09"]
[TimeControl "180+1"]
[Date "2022.12.14"]
[WhiteClock "0:00:50"]
[BlackClock "0:00:23"]

1. d4 d5 2. Nf3 Nf6 3. c3 Bf5 4. Bf4 e6 5. Nbd2 Bd6 6. Bxd6 cxd6 7. e3 Nc6 8. Nh4 Bg4 9. Be2 Bxe2 10. Qxe2 Ne4 11. Nxe4 dxe4 12. Qg4 O-O 13. Qxe4 d5 14. Qg4 f5 15. Qg3 Qf6 16. Nf3 Rae8 17. O-O e5 18. dxe5 Nxe5 19. Nxe5 Rxe5 20. Rad1 Qe6 21. Rd4 Re4 22. h3 f4 23. exf4 Rfxf4 24. Qxf4 Rxf4 25. Rxf4 Qe2 26. Rb4 b6 27. a4 h5 28. Ra1 g5 29. a5 b5 30. a6 g4 31. hxg4 hxg4 32. g3 Kf7 33. Ra5 Qd1+ 34. Kh2 Qf3 35. Rf4+ 1-0


[Site "https://www.chess.com"]

[Event "Titled Tuesday Blitz December 13 Late 2022"]
[White "Deac, Bogdan-Daniel"]
[Black "Timmermans, Mark"]
[WhiteFideId "1226380"]
[BlackFideId "1026399"]
[WhiteElo "2649"]
[BlackElo "2460"]
[Result "1-0"]
[Round "09"]
[TimeControl "180+1"]
[Date "2022.12.13"]
[WhiteClock "0:00:04"]
[BlackClock "0:00:06"]

1. Nf3 Nf6 2. c4 e6 3. g3 d5 4. Bg2 Be7 5. O-O O-O 6. d3 b6 7. cxd5 Nxd5 8. d4 Bb7 9. Re1 c5 10. e4 Nf6 11. Nc3 cxd4 12. Nxd4 Bb4 13. Ndb5 a6 14. Qb3 Nc6 15. Na3 Qe7 16. Nc2 Bc5 17. Be3 b5 18. a4 Na5 19. Bxc5 Qxc5 20. Qb4 Qxb4 21. Nxb4 Nc4 22. axb5 axb5 23. Rab1 Nd2 24. Rbd1 Nb3 25. e5 Bxg2 26. Kxg2 Ng4 27. Nc6 h5 28. Re4 Na5 29. Nxa5 Rxa5 30. h3 b4 31. Rxb4 Nxe5 32. Rb7 Rc5 33. Ne4 Rc4 34. Ng5 h4 35. b4 hxg3 36. Kxg3 Rc3+ 37. Kg2 Rb3 38. Rd6 Rc8 39. b5 g6 40. Ra6 Rb2 41. Raa7 Rcc2 42. Ne4 Re2 43. Ra4 Nd3 44. b6 Nxf2 45. Kf3 Nxe4 46. Rxe4 Rxe4 47. Kxe4 Kg7 48. Kd4 g5 49. Kc5 Kg6 50. Rd7 f5 51. b7 g4 52. hxg4 fxg4 53. Kc6 Rxb7 54. Rxb7 Kf5 55. Kc5 Kf4 56. Kd4 g3 57. Rf7+ Kg4 58. Ke3 e5 59. Rh7 e4 60. Kxe4 g2 61. Rg7+ Kh3 62. Kf3 Kh2 63. Rxg2+ 1-0


[Site "https://www.chess.com"]

[Event "Titled Tuesday Blitz December 13 Late 2022"]
[White "Donskov, Anatoly"]
[Black "Ballester Llagaria, Luis Eduardo"]
[WhiteFideId "24143413"]
[BlackFideId "2297620"]
[WhiteElo "2436"]
[BlackElo "2568"]
[Result "0-1"]
[Round "09"]
[TimeControl "180+1"]
[Date "2022.12.14"]
[WhiteClock "0:01:07"]
[BlackClock "0:01:09"]

1. e4 c5 2. Nf3 e6 3. d4 cxd4 4. Nxd4 Nc6 5. Nc3 Qc7 6. Nxc6 bxc6 7. Bd3 d5 8. O-O Nf6 9. b3 Be7 10. Bb2 Bb7 11. Qe2 O-O 12. Rad1 c5 13. Kh1 Rac8 14. exd5 exd5 15. Bf5 Rcd8 16. Rfe1 Rfe8 17. Qf1 d4 18. Ne4 Qf4 19. Nxf6+ Bxf6 20. Bd3 Be5 21. Rxe5 Rxe5 22. Bc1 Qf6 23. Kg1 Rde8 24. Bd2 h6 25. h3 Be4 26. a4 Bxd3 27. Qxd3 Re2 28. Rf1 Qg6 29. Bf4 Rxc2 30. Qb5 Qe4 31. Bd6 Qe2 32. Qd7 Qxf1+ 33. Kh2 Qe2 34. Bg3 d3 0-1


[Site "https://www.chess.com"]

[Event "Titled Tuesday Blitz December 13 Late 2022"]
[White "Eisa Mohmood, Alkhoori"]
[Black "Joubert, Dantelle"]
[WhiteFideId "9316116"]
[BlackFideId "14310813"]
[WhiteElo "1245"]
[BlackElo "1507"]
[Result "0-1"]
[Round "09"]
[TimeControl "180+1"]
[Date "2022.12.14"]
[WhiteClock "0:00:03"]
[BlackClock "0:00:12"]

1. e4 e5 2. Nf3 Nc6 3. Bb5 Nf6 4. d4 exd4 5. O-O Bc5 6. e5 Nd5 7. c3 a6 8. Ba4 Nb6 9. Bb3 dxc3 10. Bxf7+ Kxf7 11. Ng5+ Ke8 12. Qh5+ g6 13. Qh6 Qe7 14. Nxc3 Nd4 15. Nce4 Nf5 16. Qh3 Bd4 17. Nf6+ Kf8 18. Ngxh7+ Kg7 19. g4 Bxe5 20. Bg5 Bxf6 21. Bxf6+ Qxf6 22. Nxf6 Rxh3 23. Ne8+ Kf7 24. Nxc7 Rb8 25. gxf5 d5 26. fxg6+ Kxg6 27. f4 Bf5 28. Rae1 Be4 29. Rf2 Kf5 30. Kf1 Rc8 0-1


[Site "https://www.chess.com"]

[Event "Titled Tuesday Blitz December 13 Late 2022"]
[White "Espinosa, Pedro"]
[Black "Liu, Kelsey"]
[WhiteFideId "30921066"]
[BlackFideId "30944481"]
[WhiteElo "2016"]
[BlackElo "2287"]
[Result "0-1"]
[Round "09"]
[TimeControl "180+1"]
[Date "2022.12.14"]
[WhiteClock "0:00:11"]
[BlackClock "0:00:07"]

1. d4 Nf6 2. c4 e6 3. Nf3 b6 4. g3 Bb7 5. Bg2 Be7 6. O-O O-O 7. Nc3 Ne4 8. Bd2 f5 9. Qc2 Nxc3 10. Bxc3 Be4 11. Qd2 d5 12. Ne5 Bxg2 13. Kxg2 dxc4 14. Rac1 b5 15. Bb4 Qd5+ 16. Kg1 c5 17. Bc3 b4 18. Bxb4 cxb4 19. Nxc4 Nd7 20. Ne3 Qd6 21. Nc4 Qa6 22. d5 Rac8 23. b3 Bf6 24. Rfd1 Bc3 25. Qd3 Nc5 26. Qf3 exd5 27. Qxd5+ Qe6 28. Qf3 Rcd8 29. Qh5 g6 30. Qg5 Bf6 31. Qf4 Rxd1+ 32. Rxd1 Qxe2 33. Rd5 Qe1+ 34. Kg2 Qe4+ 35. Qxe4 Nxe4 36. Rd7 Ra8 37. Rb7 a5 38. Nb6 Rd8 39. Nc4 Nd6 40. Nxd6 Rxd6 41. Rb5 Ra6 42. Kf3 Bc3 43. Ke2 a4 44. Kd3 axb3 45. axb3 Kf7 46. Rb7+ Kg8 47. h4 Ra2 48. Ke3 Rb2 49. Rb8+ Kg7 50. Rb7+ Kh6 51. g4 fxg4 52. Kf4 Rxb3 53. Kxg4 Be1 54. f3 Rb2 55. f4 Rg2+ 56. Kf3 Rf2+ 57. Ke3 Rh2 58. f5 Rxh4 59. f6 Rh1 60. Ke2 Bc3 61. f7 Bg7 62. Rxb4 Rh2+ 63. Kf3 Rh1 64. Rb8 Rf1+ 65. Kg4 Rxf7 66. Rb1 g5 67. Rb6+ Rf6 68. Rb1 Kg6 69. Rh1 h5+ 70. Kg3 Rf4 71. Rd1 h4+ 72. Kh3 Kh5 73. Rd5 Bf6 74. Rd6 Rf3+ 75. Kg2 Rf5 76. Rd3 g4 77. Rd7 h3+ 78. Kg3 Be5# 0-1


[Site "https://www.chess.com"]

[Event "Titled Tuesday Blitz December 13 Late 2022"]
[White "Fernandez Garcia, Gumersindo"]
[Black "Itkis, Boris"]
[WhiteFideId "24516740"]
[BlackFideId "1209167"]
[WhiteElo "2140"]
[BlackElo "2216"]
[Result "0-1"]
[Round "09"]
[TimeControl "180+1"]
[Date "2022.12.14"]
[WhiteClock "0:01:55"]
[BlackClock "0:01:16"]

1. e4 e5 2. Nf3 Nc6 3. d4 exd4 4. Bc4 Nf6 5. e5 Ng4 6. O-O d6 7. exd6 Qxd6 8. Re1+ Be7 9. h3 Nge5 10. Bb5 Nxf3+ 11. Qxf3 O-O 12. Bf4 Qc5 13. Bxc6 bxc6 14. Bxc7 Be6 15. c3 Bf6 16. Qg3 Rfe8 17. cxd4 Qb4 18. Be5 Qxe1+ 19. Kh2 Bxe5 20. dxe5 Bf5 0-1


[Site "https://www.chess.com"]

[Event "Titled Tuesday Blitz December 13 Late 2022"]
[White "Figorito, Nick"]
[Black "Santos Flores, Alberto"]
[WhiteFideId "30923689"]
[BlackFideId "3601234"]
[WhiteElo "2437"]
[BlackElo "2235"]
[Result "0-1"]
[Round "09"]
[TimeControl "180+1"]
[Date "2022.12.14"]
[WhiteClock "0:00:23"]
[BlackClock "0:00:37"]

1. Nf3 d5 2. g3 Nf6 3. Bg2 e6 4. O-O Be7 5. d4 O-O 6. Nbd2 b6 7. c4 Bb7 8. cxd5 Bxd5 9. Re1 c5 10. dxc5 Bxc5 11. Nb3 Be7 12. Bf4 Nbd7 13. Ne5 Nxe5 14. Bxe5 Bxg2 15. Qxd8 Rfxd8 16. Kxg2 Rd5 17. Bd4 Rad8 18. Be3 Ng4 19. Kf3 Nxh2+ 20. Kg2 Ng4 21. Bf4 g5 22. e4 R5d7 23. Be3 Nxe3+ 24. Rxe3 g4 25. Re2 a5 26. Rc1 a4 27. Na1 Rd2 28. Rce1 Bf6 29. e5 Bg5 30. Nc2 Rxe2 31. Rxe2 Rd2 32. Rxd2 Bxd2 33. Kf1 Bh6 34. Nd4 Bg7 35. Nc6 Kf8 36. Ke2 Ke8 37. Kd3 Kd7 38. Nb4 Bxe5 39. b3 axb3 40. axb3 h5 41. Ke4 Bd6 42. Nd3 f5+ 43. Ke3 e5 44. Ne1 Ke6 45. Ng2 Kd5 46. Nh4 f4+ 47. gxf4 exf4+ 48. Kd3 Bc5 49. Ng6 f3 50. Nf4+ Ke5 51. Nxh5 Bxf2 0-1


[Site "https://www.chess.com"]

[Event "Titled Tuesday Blitz December 13 Late 2022"]
[White "Floresvillar Gonzalez, Luis Migu"]
[Black "Prieto Aranguren, Alain"]
[WhiteFideId "5100542"]
[BlackFideId "2268906"]
[WhiteElo "2040"]
[BlackElo "2209"]
[Result "1-0"]
[Round "09"]
[TimeControl "180+1"]
[Date "2022.12.14"]
[WhiteClock "0:00:10"]
[BlackClock "0:00:01"]

1. d4 Nf6 2. Nf3 g6 3. Bg5 Bg7 4. Nbd2 O-O 5. e4 c5 6. d5 d6 7. c3 a6 8. a4 Nbd7 9. Bc4 Rb8 10. a5 Ne5 11. Nxe5 dxe5 12. O-O Ne8 13. Nb3 Nd6 14. Qe2 Qc7 15. f3 f6 16. Be3 Bd7 17. Nxc5 Nxc4 18. Qxc4 Bb5 19. d6+ Bxc4 20. dxc7 Rbc8 21. Rfd1 Rxc7 22. b4 Rfc8 23. Rd2 Bf8 24. Rad1 e6 25. Rd8 Kf7 26. R1d7+ Rxd7 27. Rxd7+ Be7 28. Rxb7 Bb5 29. Kf2 Rd8 30. Ra7 Rd6 31. Nb3 Rd7 32. Rxd7 Bxd7 33. Bc5 Bd8 34. c4 Ba4 35. Nc1 Ke8 36. Ke3 Kd7 37. Kd3 Kc6 38. Kc3 Bxa5 39. Be7 Bb6 40. Bxf6 Bd4+ 41. Kd3 Kb6 42. Ne2 Ba1 43. Nc3 Bb3 44. Bxe5 a5 45. bxa5+ Kxa5 46. c5 Bxc3 47. Bxc3+ Kb5 48. Kd4 Bd1 49. f4 Be2 50. g3 Bf1 51. h4 Bh3 52. Bd2 Kc6 53. Bc1 h5 54. Ba3 Bg4 55. Ke5 Bh3 56. Kf6 Bg2 57. Kxg6 Bxe4+ 58. Kxh5 Bf3+ 59. Kg5 Kd7 60. h5 Ke8 61. h6 Kf7 62. g4 Kg8 63. Bb2 Kh7 64. Be5 Bd5 65. Bg7 Be4 66. Kf6 1-0


[Site "https://www.chess.com"]

[Event "Titled Tuesday Blitz December 13 Late 2022"]
[White "Forgacs, Attila Jr."]
[Black "Yoo, Christopher Woojin"]
[WhiteFideId "773654"]
[BlackFideId "30909694"]
[WhiteElo "2168"]
[BlackElo "2463"]
[Result "0-1"]
[Round "09"]
[TimeControl "180+1"]
[Date "2022.12.13"]
[WhiteClock "0:00:20"]
[BlackClock "0:00:51"]

1. e4 c5 2. d3 Nc6 3. g3 g6 4. Bg2 Bg7 5. f4 d6 6. Nf3 Nf6 7. O-O O-O 8. Nc3 Bd7 9. h3 h5 10. Be3 Rb8 11. a4 a6 12. Qd2 b5 13. axb5 axb5 14. Ne2 Kh8 15. c3 b4 16. e5 Nd5 17. exd6 bxc3 18. bxc3 Nxe3 19. Qxe3 exd6 20. Rfb1 Re8 21. Qd2 Qe7 22. Re1 Bf6 23. Ra6 Qe3+ 24. Qxe3 Rxe3 25. d4 cxd4 26. cxd4 Rbe8 27. Kf2 Nb4 28. Rxd6 Nd3+ 29. Kf1 Nxe1 30. Rxf6 Nxf3 31. Rxf7 Bb5 0-1


[Site "https://www.chess.com"]

[Event "Titled Tuesday Blitz December 13 Late 2022"]
[White "Goltsev, Dmitry"]
[Black "Goroshkov, Maksym"]
[WhiteFideId "24176710"]
[BlackFideId "14142716"]
[WhiteElo "2327"]
[BlackElo "2258"]
[Result "0-1"]
[Round "09"]
[TimeControl "180+1"]
[Date "2022.12.13"]
[WhiteClock "0:00:19"]
[BlackClock "0:00:47"]

1. e4 e5 2. Nf3 d6 3. d4 Bg4 4. dxe5 Nd7 5. exd6 Bxd6 6. h3 Bh5 7. Nc3 Ngf6 8. Be2 Qe7 9. Bg5 O-O-O 10. O-O Bxf3 11. Bxf3 Qe5 12. Bf4 Qxf4 13. g3 Qg5 14. Bg2 h5 15. Kh1 h4 16. f4 Qxg3 17. Rf3 Qg6 18. e5 Bxe5 19. fxe5 Nxe5 20. Qf1 Nxf3 21. Qxf3 c6 22. Qf2 Kb8 23. Rg1 Qg3 24. Qf5 Qc7 25. Bf3 Rd2 26. Ne2 Re8 27. Rxg7 Rdxe2 28. Bxe2 Rxe2 29. Rg2 Rxg2 30. Kxg2 Qg3+ 31. Kh1 Nd5 32. Qd7 a6 33. Qxf7 Qxh3+ 34. Kg1 Qg3+ 35. Kh1 Qh3+ 36. Kg1 Qg4+ 37. Kh1 Qd1+ 38. Kh2 Qxc2+ 39. Kh1 Qc1+ 40. Kg2 Qxb2+ 41. Kh1 Qb1+ 42. Kh2 Qxa2+ 43. Kh1 Qa1+ 44. Kh2 Qe5+ 45. Kh1 Qe4+ 46. Kg1 Qg4+ 47. Kh1 Qh3+ 48. Kg1 Qe3+ 49. Kh1 h3 50. Qf8+ Ka7 51. Qf2 c5 52. Qf5 Qc1+ 53. Kh2 Qf4+ 0-1


[Site "https://www.chess.com"]

[Event "Titled Tuesday Blitz December 13 Late 2022"]
[White "Goryachkina, Aleksandra"]
[Black "Melkumyan, Hrant"]
[WhiteFideId "4147103"]
[BlackFideId "13302485"]
[WhiteElo "2484"]
[BlackElo "2604"]
[Result "0-1"]
[Round "09"]
[TimeControl "180+1"]
[Date "2022.12.13"]
[WhiteClock "0:00:01"]
[BlackClock "0:00:02"]

1. e4 c5 2. Nf3 Nc6 3. Bb5 g6 4. Bxc6 dxc6 5. d3 Qc7 6. a4 e5 7. Be3 Nf6 8. h3 Nd7 9. Na3 Bg7 10. Qd2 O-O 11. Bh6 b6 12. O-O a5 13. Bxg7 Kxg7 14. Nc4 Ba6 15. b3 Rae8 16. Qc3 f6 17. Qd2 Rf7 18. Nh2 Nf8 19. f4 exf4 20. Qxf4 Qxf4 21. Rxf4 Ne6 22. Rf2 Rb8 23. Ng4 h5 24. Nge3 Nd4 25. Raf1 Rff8 26. h4 Bc8 27. Kh2 Be6 28. g3 Rf7 29. Kg2 b5 30. Nd2 c4 31. axb5 cxd3 32. cxd3 cxb5 33. Ra1 Ra8 34. Nd5 Bxd5 35. exd5 Rd7 36. Ne4 f5 37. Nc3 Nxb3 38. Rb1 a4 39. Nxb5 a3 40. Rxb3 a2 41. Rxa2 Rxa2+ 42. Kf3 Rxd5 43. Nc7 Rd7 44. Ne6+ Kf6 45. Nf4 Ra6 46. Rc3 Rad6 47. Rb3 Rc7 48. Ra3 Rc1 49. Rb3 Rf1+ 50. Kg2 Ra1 51. Kf3 Rda6 52. Rc3 R1a3 53. Rc2 Kg7 54. Rc7+ Kh6 55. Rc8 Rd6 56. Ke3 Ra7 57. Rh8+ Kg7 58. Rc8 Re7+ 59. Kf3 Rdd7 60. Rb8 Ra7 61. Rc8 Ra1 62. Rb8 Rf1+ 63. Kg2 Rd1 64. Kf2 Rd2+ 65. Kf3 Re1 66. Rb7+ Kf6 67. Rb6+ Kf7 68. Rb7+ Ke8 69. Rb8+ Kf7 70. Rb7+ Re7 71. Rxe7+ Kxe7 72. Nxg6+ Kd6 73. Nf4 Rd1 74. Ke3 Re1+ 75. Kf2 Rd1 76. Ke2 Rg1 77. Nxh5 Ke5 78. Kf2 Rd1 79. Nf4 Ra1 80. Kf3 Kd4 81. Kf2 Ra2+ 82. Kf3 Ra1 83. Kf2 Ra8 84. Kf3 Re8 85. h5 Re3+ 86. Kf2 Re7 87. Kf3 Ra7 88. Kf2 Ke5 89. Kf3 Rd7 90. Ke3 Kf6 91. d4 Re7+ 92. Kf3 Ra7 93. d5 Ra3+ 94. Kf2 Ra6 95. Ke3 Ke5 96. Kf3 Ra3+ 97. Kg2 Ra6 98. Kf3 Ra1 99. Kg2 Ra2+ 100. Kf3 Rd2 101. Ke3 Rd1 102. Kf3 Rh1 103. Kg2 Rb1 104. Kf3 Ra1 105. Ke3 Ra3+ 106. Kf2 Ke4 107. h6 Ra2+ 108. Kg1 Ra7 109. d6 Ke5 110. Ng6+ Kf6 111. Nf8 Ra8 112. Nd7+ Ke6 113. Nb6 Rh8 0-1


[Site "https://www.chess.com"]

[Event "Titled Tuesday Blitz December 13 Late 2022"]
[White "Gritsenko, Nikolai"]
[Black "Crevatin, Leo"]
[WhiteFideId "14112493"]
[BlackFideId "1726307"]
[WhiteElo "2389"]
[BlackElo "2190"]
[Result "1/2-1/2"]
[Round "09"]
[TimeControl "180+1"]
[Date "2022.12.13"]
[WhiteClock "0:00:13"]
[BlackClock "0:01:01"]

1. e4 c5 2. Nf3 d6 3. Bb5+ Bd7 4. c4 Nf6 5. Nc3 g6 6. O-O a6 7. Bxd7+ Nbxd7 8. d3 Bg7 9. Bg5 O-O 10. Qd2 Re8 11. h3 Qc7 12. Rae1 Rad8 13. Nh2 b5 14. f4 b4 15. Ne2 e6 16. Ng4 Rc8 17. Nh6+ Kf8 18. Ng3 Ng8 19. f5 exf5 20. exf5 Rxe1 21. Rxe1 d5 22. fxg6 hxg6 23. Bf4 Bxh6 24. Bxh6+ Nxh6 25. Qxh6+ Kg8 26. Nf5 gxf5 27. Qg5+ Kf8 28. Qh6+ Kg8 29. Qg5+ Kf8 30. Qh6+ Kg8 1/2-1/2


[Site "https://www.chess.com"]

[Event "Titled Tuesday Blitz December 13 Late 2022"]
[White "Han, Yichen"]
[Black "Mazurkiewicz, Michal"]
[WhiteFideId "1054430"]
[BlackFideId "1124943"]
[WhiteElo "2323"]
[BlackElo "2081"]
[Result "1-0"]
[Round "09"]
[TimeControl "180+1"]
[Date "2022.12.14"]
[WhiteClock "0:00:09"]
[BlackClock "0:00:01"]

1. Nf3 Nf6 2. g3 g6 3. Bg2 Bg7 4. b3 O-O 5. Bb2 d6 6. O-O Nbd7 7. c4 e5 8. Nc3 Re8 9. e4 c6 10. d4 exd4 11. Nxd4 Nc5 12. Re1 Qb6 13. h3 a5 14. Nc2 Nfxe4 15. Nxe4 Nxe4 16. Rxe4 Rxe4 17. Bxg7 Re8 18. Bc3 Bf5 19. Ne3 Be6 20. Qxd6 Qd8 21. Qe5 f6 22. Qf4 Rf8 23. Rd1 Qe7 24. Kh2 a4 25. Re1 Qf7 26. b4 Rad8 27. a3 Rd3 28. Bb2 Rb3 29. Bc1 Rc3 30. h4 h5 31. Be4 Bxc4 32. Bb2 Rb3 33. Bd4 Be6 34. Bc5 Re8 35. b5 Rxb5 36. Bb4 c5 37. Bc3 Rb3 38. Bxf6 Rf8 39. Bg5 Qxf4 40. Bxf4 Bf5 41. Bd5+ Kg7 42. Be5+ Kh7 43. Bxb3 axb3 44. Bd6 Rc8 45. Nxf5 gxf5 46. Re7+ Kg6 47. Rxb7 1-0


[Site "https://www.chess.com"]

[Event "Titled Tuesday Blitz December 13 Late 2022"]
[White "Jimenez Almeida, Luis David"]
[Black "Ankerst, Mihael"]
[WhiteFideId "22242244"]
[BlackFideId "14602369"]
[WhiteElo "2158"]
[BlackElo "2360"]
[Result "0-1"]
[Round "09"]
[TimeControl "180+1"]
[Date "2022.12.14"]
[WhiteClock "0:00:38"]
[BlackClock "0:00:19"]

1. e4 c5 2. Nc3 Nc6 3. Nge2 e6 4. g3 Nf6 5. Bg2 Be7 6. d4 cxd4 7. Nxd4 O-O 8. O-O d6 9. Be3 Bd7 10. h3 a6 11. Qd2 Rc8 12. Rae1 Ne5 13. b3 Qc7 14. Nce2 Nc6 15. c4 b5 16. cxb5 Nxd4 17. Nxd4 axb5 18. f4 Qc3 19. Qf2 d5 20. Rc1 Qb4 21. e5 Ne4 22. Bxe4 dxe4 23. f5 exf5 24. Nxf5 Rxc1 25. Rxc1 Rc8 26. Rxc8+ Bxc8 27. g4 h5 28. gxh5 Bxf5 29. Qxf5 Qe1+ 30. Kg2 Qxe3 31. e6 Qf3+ 32. Qxf3 exf3+ 33. Kxf3 fxe6 34. a4 bxa4 35. bxa4 Bb4 36. Ke4 Bc3 37. Kd3 Ba5 38. Kc4 Kf7 39. Kb5 Bd2 40. a5 e5 41. a6 Be3 42. Kc4 Kf6 43. Kd3 Bb6 44. Ke4 Ke6 45. h4 Ba7 46. Kf3 Kf5 47. Kg3 e4 48. Kh3 Kf4 49. h6 gxh6 50. h5 Kf3 51. Kh4 e3 52. Kh3 e2 53. Kh2 e1=Q 54. Kh3 Qg3# 0-1


[Site "https://www.chess.com"]

[Event "Titled Tuesday Blitz December 13 Late 2022"]
[White "Jobava, Baadur"]
[Black "Bjelobrk, Igor"]
[WhiteFideId "13601520"]
[BlackFideId "4300726"]
[WhiteElo "2582"]
[BlackElo "2335"]
[Result "1-0"]
[Round "09"]
[TimeControl "180+1"]
[Date "2022.12.13"]
[WhiteClock "0:00:03"]
[BlackClock "0:00:01"]

1. b3 d5 2. Bb2 Nf6 3. d3 e6 4. Nd2 b6 5. g3 Bb7 6. Bg2 g6 7. e4 Bg7 8. Ne2 O-O 9. O-O c5 10. e5 Nfd7 11. f4 f6 12. exf6 Bxf6 13. Bxf6 Nxf6 14. Nf3 Nc6 15. Qd2 Qd6 16. Rae1 Rae8 17. d4 Ba6 18. c3 Ne4 19. Qe3 Ne7 20. Bh3 Nf5 21. Bxf5 exf5 22. Ne5 Rc8 23. Rf3 Rc7 24. dxc5 bxc5 25. Rd1 Bb7 26. Rff1 Rd8 27. h4 Kg7 28. Kh2 h6 29. Rg1 Nf6 30. Rge1 Re8 31. Qg1 Rce7 32. Nc1 Rxe5 33. fxe5 Ng4+ 34. Kh3 Nxe5 35. Nd3 Nf3 36. Qxc5 Qxc5 37. Nxc5 Nxe1 38. Nxb7 Re3 39. Kh2 Re2+ 40. Kg1 Nf3+ 41. Kf1 Rxa2 42. Rxd5 Nh2+ 43. Ke1 Nf3+ 44. Kd1 Rg2 45. c4 Rxg3 46. c5 Rg1+ 47. Kc2 Rg2+ 48. Kc3 Ne1 49. b4 Rc2+ 50. Kb3 Rc1 51. Rd7+ Kf6 52. Rd6+ 1-0


[Site "https://www.chess.com"]

[Event "Titled Tuesday Blitz December 13 Late 2022"]
[White "Karas, Marek"]
[Black "Di Berardino, Diego Rafael"]
[WhiteFideId "14928558"]
[BlackFideId "2105446"]
[WhiteElo "2247"]
[BlackElo "2441"]
[Result "0-1"]
[Round "09"]
[TimeControl "180+1"]
[Date "2022.12.13"]
[WhiteClock "0:00:22"]
[BlackClock "0:00:14"]

1. b4 e5 2. Bb2 Bxb4 3. Bxe5 Nf6 4. c3 Be7 5. Nf3 d5 6. g3 O-O 7. Bg2 c5 8. O-O Nc6 9. Bxf6 Bxf6 10. d4 Bf5 11. e3 c4 12. Nbd2 Re8 13. Re1 b5 14. a3 a5 15. h3 h6 16. Nh2 Bd3 17. e4 b4 18. axb4 axb4 19. Rxa8 Qxa8 20. exd5 Rxe1+ 21. Qxe1 Nxd4 22. cxd4 c3 23. Nb3 Qa2 24. Qe8+ Kh7 25. Be4+ Bxe4 26. Qxe4+ g6 27. Ng4 Bg7 28. Nc1 Qa1 29. Qc2 b3 30. Qxb3 Qxc1+ 31. Kg2 Qb2 32. Qa4 c2 33. Qd7 c1=Q 34. Qxf7 Qxd4 35. Qf3 Qcd1 36. Ne3 Qxf3+ 37. Kxf3 h5 38. h4 Bh6 39. Nf1 Qxd5+ 40. Ke2 Qc4+ 41. Ke1 Qd3 42. f4 Qf3 0-1


[Site "https://www.chess.com"]

[Event "Titled Tuesday Blitz December 13 Late 2022"]
[White "Keymer, Vincent"]
[Black "Annaberdiyev, Babageldi"]
[WhiteFideId "12940690"]
[BlackFideId "14000385"]
[WhiteElo "2600"]
[BlackElo "2332"]
[Result "0-1"]
[Round "09"]
[TimeControl "180+1"]
[Date "2022.12.13"]
[WhiteClock "0:00:05"]
[BlackClock "0:01:37"]

1. Nf3 e6 2. c4 d5 3. e3 c6 4. Nc3 f5 5. b3 Nf6 6. Bb2 Bd6 7. g3 O-O 8. Bg2 Nbd7 9. O-O a5 10. Rc1 Qe7 11. Qe2 e5 12. cxd5 Nxd5 13. d3 Nxc3 14. Bxc3 Nb6 15. Nd2 Nd5 16. Bb2 a4 17. Nc4 a3 18. Ba1 Bc7 19. e4 Nb4 20. Rfd1 f4 21. d4 exd4 22. Bxd4 Be6 23. Nb6 Bxb6 24. Bxb6 f3 25. Bxf3 Nxa2 26. Rc2 Bxb3 27. Bc5 Qf7 28. Bxf8 Rxf8 29. Bh5 g6 30. Rxa2 Bxd1 0-1


[Site "https://www.chess.com"]

[Event "Titled Tuesday Blitz December 13 Late 2022"]
[White "Kim, Sergey"]
[Black "Dudzinski, Pawel"]
[WhiteFideId "13700570"]
[BlackFideId "1117890"]
[WhiteElo "2600"]
[BlackElo "2099"]
[Result "0-1"]
[Round "09"]
[TimeControl "180+1"]
[Date "2022.12.14"]
[WhiteClock "0:02:10"]
[BlackClock "0:01:57"]

1. d4 d5 2. c4 c6 3. Nf3 e6 4. Qc2 f5 5. Bg5 Nf6 6. Nbd2 Be7 7. Bxf6 Bxf6 8. e3 O-O 9. Bd3 Bd7 10. g4 fxg4 11. Bxh7+ Kh8 12. Ne5 Bxe5 13. dxe5 Qh4 14. Bg6 Qxf2+ 15. Kd1 Qxe3 16. Re1 Qg5 17. Bd3 Rf2 18. Qb3 Qxd2# 0-1


[Site "https://www.chess.com"]

[Event "Titled Tuesday Blitz December 13 Late 2022"]
[White "Korchmar, Vasiliy"]
[Black "Mendez Fortes, Eduardo Jesus"]
[WhiteFideId "24131750"]
[BlackFideId "3502376"]
[WhiteElo "2370"]
[BlackElo "2307"]
[Result "1-0"]
[Round "09"]
[TimeControl "180+1"]
[Date "2022.12.13"]
[WhiteClock "0:00:29"]
[BlackClock "0:00:08"]

1. e4 e5 2. Nf3 Nc6 3. Bc4 Nf6 4. d3 Bc5 5. c3 d6 6. Bg5 h6 7. Bh4 Bb6 8. O-O Qe7 9. Nbd2 Bg4 10. b4 g5 11. Bg3 a6 12. a4 Nh5 13. Qb3 Nxg3 14. hxg3 Nd8 15. a5 Ba7 16. d4 f6 17. Rfe1 h5 18. Nh2 Bd7 19. Ndf1 exd4 20. cxd4 Bxd4 21. Rad1 Ba7 22. Ne3 Bxe3 23. Rxe3 Nc6 24. Bd5 h4 25. g4 Rb8 26. Qc3 Qe5 27. Qc4 Kd8 28. Nf3 Qe7 29. Rc1 Bxg4 30. Bxc6 bxc6 31. Nd4 Bd7 32. Qxa6 h3 33. g3 h2+ 34. Kh1 c5 35. bxc5 dxc5 36. Nf5 Bxf5 37. exf5 Qd6 38. Rd3 Ke7 39. Re1+ Qe5 40. Rxe5+ fxe5 41. Qe6+ Kf8 42. Qf6+ Ke8 43. Qxh8+ 1-0


[Site "https://www.chess.com"]